 Dungeon Crawl Stone Soup version 0.30-a0-808-g6e0788376e (webtiles) character file.

Game seed: 6177616160007279896

46 cforsyth the Sneak (level 3, -8/22 HPs)
             Began as a Kobold Brigand on Feb 26, 2023.
             Mangled by an ogre
             ... wielding a +0 giant club
              (12 damage)
             ... on level 3 of the Dungeon.
             The game lasted 00:01:47 (2059 turns).

cforsyth the Sneak (Kobold Brigand)                 Turns: 2059, Time: 00:01:48

Health: -8/22      AC:  3    Str:  8    XL:     3   Next: 95%
Magic:  3/3        EV: 15    Int: 12    God:
Gold:   169        SH:  0    Dex: 18    Spells: 2/2 levels left

rFire   . . .      SeeInvis .    a - +2 dagger
rCold   . . .      Faith    .    (no shield)
rNeg    . . .      Spirit   .    b - +0 robe
rPois   .          Reflect  .    (no helmet)
rElec   .          Harm     .    c - +0 cloak
rCorr   +          Rampage  .    (no gloves)
Will    .....                    (no boots)
Stlth   ++++                     (no amulet)
HPRegen 0.23/turn                l - ring of resist corrosion
MPRegen 0.08/turn                (no ring)

@: no status effects
A: small, no large weapons, nightstalker 3
a: no special abilities


You were on level 3 of the Dungeon.
You visited 1 branch of the dungeon, and saw 3 of its levels.

You collected 169 gold pieces.

Inventory:

Hand Weapons
 a - a +2 dagger (weapon)
Missiles
 d - 16 poisoned darts (quivered)
 e - 3 curare-tipped darts
Armour
 b - a +0 robe (worn)
 c - a +0 cloak (worn)
Jewellery
 l - a ring of resist corrosion (left hand)
 q - a ring of ice
 r - a ring of magical power
Scrolls
 f - a scroll of torment {unknown}
 g - 4 scrolls of identify {unknown}
 h - a scroll of noise {unknown}
 j - a scroll of brand weapon {unknown}
 m - a scroll of immolation {unknown}
 n - a scroll of poison {unknown}
 p - a scroll of teleportation {unknown}
Potions
 i - a potion of brilliance {unknown}
 k - 3 potions of curing {unknown}
 o - 2 potions of attraction {unknown}
 s - a potion of flight {unknown}


   Skills:
 + Level 2.8 Fighting
 + Level 3.4 Short Blades
 - Level 2.1 Throwing
 + Level 2.3 Dodging
 + Level 5.8 Stealth


You had 2 spell levels left.
You didn't know any spells.
Your spell library contained the following spells:

 Spells                   Type           Power      Damage    Failure   Level
 Slow                     Hex            0%         N/A       32%         1
 Call Canine Familiar     Summ           0%         N/A       69%         3
 Confusing Touch          Hex            0%         N/A       69%         3
 Frozen Ramparts          Ice            0%         1d1       69%         3
 Portal Projectile        Hex/Tloc       0%         N/A       69%         3
 Vampiric Draining        Necr           0%         2d6       69%         3
 Ice Form                 Ice/Tmut       0%         N/A       97%         4
 Leda's Liquefaction      Hex/Erth       0%         N/A       97%         4
 Summon Ice Beast         Ice/Summ       0%         N/A       97%         4


Dungeon Overview and Level Annotations

Branches:
Dungeon (3/15)

Altars:
Cheibriados
Dithmenos

Shops:
D:1 *


Innate Abilities, Weirdness & Mutations

You are small and have problems with some larger weapons.
You are completely attuned to the shadows.


Message History

An ogre is nearby!
An ogre is nearby!
Found a shadowy altar of Dithmenos.
Found a scroll labelled REMORO IV QIY.
The ogre closely misses you.
You barely miss the ogre. You barely miss the ogre.
The ogre closely misses you.
You hit the ogre.
The ogre is lightly wounded.
You barely miss the ogre.
The ogre is lightly wounded.
The ogre barely misses you.
You hit the ogre.
The ogre is lightly wounded.
You hit the ogre.
The ogre is moderately wounded.
The ogre closely misses you.
You barely miss the ogre.
The ogre is moderately wounded.
The ogre barely misses you.
You hit the ogre.
The ogre is heavily wounded.
You hit the ogre.
The ogre is severely wounded.
The ogre hits you with a +0 giant club!!
Ouch! That really hurt!
* * * LOW HITPOINT WARNING * * *
You are too injured to fight recklessly!
You are too injured to fight recklessly!
You are too injured to fight recklessly!
You are too injured to fight recklessly!
You are too injured to fight recklessly!
You are too injured to fight recklessly!
You barely miss the ogre.
The ogre is severely wounded.
You hit the ogre.
The ogre is severely wounded.
The ogre hits you with a +0 giant club!
Ouch! That really hurt!
You die...

...........#.#.##....#.
...........#.#.#.....#.
≈≈§§.......#.#.#######.
..§≈...................
§≈.≈§#######.#.######..
.≈.≈§...# #.#.#....#..
.§.≈....####+#'#.##.#..
§≈.≈....##...)...#.....
≈.§..@.##.......#.....
..≈..O.##...)...#.###.
≈§.?..##.......#...#.
......##.......#.#.#.
##+###........)......
#######.###.##
####....... ...........
#....<.##..


You could see an ogre.

Vanquished Creatures
  A worm (D:3)
  A dart slug (D:1)
  An orc (D:3)
  3 ball pythons
  An endoplasm (D:3)
  5 giant cockroaches
  4 goblins
  4 hobgoblins
  2 jackals (D:1)
  3 quokkas (D:2)
  2 bats (D:1)
  4 frilled lizards
  4 kobolds
  A rat (D:3)
36 creatures vanquished.

Notes
Turn   | Place    | Note
-------+----------+-------------------------------------------
     0 | D:1      | cforsyth the Kobold Brigand began the quest for the Orb.
     0 | D:1      | Reached XP level 1. HP: 12/12 MP: 1/1
   181 | D:1      | Found Kuliosk's Assorted Antiques.
   375 | D:1      | Reached XP level 2. HP: 18/18 MP: 2/2
   472 | D:1      | Found a faded altar of an unknown god.
   726 | D:1      | Reached XP level 3. HP: 22/22 MP: 3/3
   987 | D:2      | Found a snail-covered altar of Cheibriados.
  2042 | D:3      | Noticed an ogre
  2043 | D:3      | Found a shadowy altar of Dithmenos.
  2059 | D:3      | Mangled by an ogre

Illustrated notes

Levels and vault maps discovered:
D:1:      enne_arrival_octagon_isle, layout_loops_ring,
          hellmonk_ecumenical_altar_dog_temple, serial_shops,
          nicolae_square_shop
D:2:      layout_loops_ring, basic_altar, reono_crystal_passage,
          minmay_fountain_box, nicolae_concentric_dashed_squares_mild
D:3:      layout_basic, mainiacjoe_overflow_catwalk_spiral

Skill      XL: |  1  2  3 |
---------------+----------+-----
Short Blades   | 3 |  3.4
Dodging        | 2 |  2.3
Fighting       | |  2.8
Throwing       | |  2.1
Stealth        | |  5.8

Action                     || total
---------------------------++-------
  Melee: Dagger            ||    88
         Punch             ||     1
   Stab: Sleeping          ||    24
 Armour: Robe              ||    10
  Dodge: Dodged            ||    41

Table legend: (Time is in decaauts)
 A = Elapsed time spent in this place.
 B = Non-inter-level travel time spent in this place.
 C = Inter-level travel time spent in this place.
 D = Time resting spent in this place.
 E = Time spent auto-exploring this place.
 F = Levels seen in this place.
 G = Mean time per level.
                   A        B        C        D        E       F      G
               +--------+--------+--------+--------+--------+-----+--------+
         Total |   2045 |   2000 |     45 |      0 |   1748 |   3 |  681.7 |
       Dungeon |   2045 |   2000 |     45 |      0 |   1748 |   3 |  681.7 |
               +--------+--------+--------+--------+--------+-----+--------+

Top non-repeatable levels by time:
     D:2: 882 daAuts
     D:1: 793 daAuts
     D:3: 369 daAuts
